 Dungeon Crawl Stone Soup version 0.27.1-34-g3ba077fa99 (webtiles) character file.

Game seed: 13242550169595972788

6587 pkoi the Martial Artist (level 10, -12/78 HPs)
             Began as a Yellow Draconian Monk on Jan 11, 2022.
             Was an Elder of Hepliaklqana.
             Mangled by a two-headed ogre (15 damage)
             ... on level 9 of the Dungeon on Jan 12, 2022.
             The game lasted 00:15:11 (12414 turns).

pkoi the Martial Artist (Yellow Draconian Monk)    Turns: 12414, Time: 00:15:13

Health: -12/78     AC:  9    Str: 13    XL:     10   Next: 71%
Magic:  0/14       EV: 13    Int: 20    God:    Hepliaklqana [****..]
Gold:   410        SH:  0    Dex: 14    Spells: 8/15 levels left

rFire    + . .     SeeInvis .     - Unarmed
rCold    . . .     Faith    .   (no shield)
rNeg     . . .     Spirit   +   (armour unavailable)
rPois    .         Reflect  .   (helmet restricted)
rElec    .         Harm     .   s - +0 cloak
rCorr    +         Rampage  .   (no gloves)
Will     +....                  a - +0 pair of boots
Stlth    ++........             d - amulet of guardian spirit
HPRegen  0.23/turn              v - ring "Qaocit" {rF+ Int+6}
MPRegen  0.14/turn              q - ring of willpower

@: lethally poisoned (-12 -> -16), short of breath, slowed, invisible, very slow
A: reduced essence, spit acid, AC +7, unfitting armour, cold-blooded, acid
resistance, robust 1
a: Breathe Acid, Renounce Religion, Recall Ancestor, Ancestor Identity,
Transference, Idealise


You were on level 9 of the Dungeon.
You worshipped Hepliaklqana.
Hepliaklqana was greatly pleased with you.
You visited 2 branches of the dungeon, and saw 10 of its levels.

You collected 410 gold pieces.

Inventory:

Hand Weapons
 c - a +0 dagger
 h - a +4 dagger
 t - a +2 mace of venom
 D - a +1 spectral quarterstaff
Missiles
 l - 24 poisoned darts (quivered)
Armour
 a - a +0 pair of boots (worn)
 s - a +0 cloak (worn)
Jewellery
 d - an amulet of guardian spirit (around neck)
 f - an amulet of reflection
 i - a ring of flight
 q - a ring of willpower (right hand)
 v - the ring "Qaocit" (left hand) {rF+ Int+6}
   (You acquired it on level 8 of the Dungeon)

   [ring of intelligence]

   Int:       It affects your intelligence (+6).
   rF:        It protects you from fire.
Wands
 p - a wand of flame (28)
 r - a wand of iceblast (20)
 u - a wand of polymorph (6)
 A - a wand of paralysis (5)
Scrolls
 n - a scroll of teleportation
 x - a scroll of enchant weapon
 y - 2 scrolls of identify
 E - a scroll of silence {unknown}
Potions
 b - a potion of might
 e - 3 potions of invisibility
 g - 4 potions of flight
 j - a potion of brilliance
 k - a potion of cancellation
 m - 2 potions of haste
 w - a potion of heal wounds {unknown}
 z - a potion of magic
 B - a potion of lignification {unknown}


   Skills:
 - Level 4.0 Fighting
 - Level 3.0 Dodging
 - Level 1.7 Stealth
 * Level 14.0 Unarmed Combat
 - Level 3.0 Spellcasting
 + Level 5.6 Translocations
 - Level 3.0 Evocations


You had 8 spell levels left.
You knew the following spells:

 Your Spells              Type           Power      Damage    Failure   Level
a - Blink                 Tloc           N/A        N/A       2%          2
b - Manifold Assault      Tloc           25%        N/A       36%         5

Your spell library contained the following spells:

 Spells                   Type           Power      Damage    Failure   Level
 Lesser Beckoning         Tloc           12%        N/A       4%          3
 Corona                   Hex            3%         N/A       14%         1
 Sting                    Tmut/Pois      12%        1d3       14%         1
 Ensorcelled Hibernation  Hex/Ice        6%         N/A       22%         2
 Conjure Flame            Conj/Fire      3%         6-21      38%         3
 Ignite Poison            Fire/Tmut/Pois 3%         N/A       38%         3
 Tukima's Dance           Hex            3%         N/A       38%         3
 Sticky Flame             Conj/Fire      3%         2d3       80%         4
 Alistair's Intoxication  Tmut/Pois      2%         N/A       98%         5
 Fireball                 Conj/Fire      1%         3d3       98%         5
 Irradiate                Conj/Tmut      1%         3d14      98%         5
 Iskenderun's Battlesphe  Conj           3%         2d6       98%         5
 Conjure Ball Lightning   Conj/Air       1%         3x3d6     100%        6
 Statue Form              Tmut/Erth      2%         N/A       100%        6
 Orb of Destruction       Conj           1%         N/A       100%        7


Dungeon Overview and Level Annotations

Branches:
Dungeon (9/15)             Temple (1/1) D:6
   Lair: D:8-11         Orc: D:9-12

Altars:
Ashenzari
Cheibriados
Elyvilon
Fedhas
Hepliaklqana
Kikubaaqudgha
Makhleb
Nemelex Xobeh
Okawaru
Qazlal
Ru
Sif Muna
Trog
Uskayaw
Vehumet
Wu Jian
Yredelemnul
Zin
The Shining One

Shops:
D:7 =


Innate Abilities, Weirdness & Mutations

Your life essence is reduced to manifest your ancestor. (-10% HP)
You can spit globs of acid.
Your golden yellow scales are hard. (AC +7)
You cannot fit into any form of body armour.
You are cold-blooded and may be slowed by cold attacks.
You are resistant to acid. (rCorr)
You are robust. (+10% HP)


Message History

Press: ? - help, Shift-Dir - straight line, f - hornet
Aim: a hornet You spit a glob of acid.
The glob of acid hits the hornet!
The hornet is splashed with acid.
The hornet is moderately wounded.
The acid splashes onto Kate!
Kate is splashed with acid.
The acid corrodes Kate!
The acid splashes onto the two-headed ogre!
The two-headed ogre is splashed with acid.
You feel very sick. The hornet barely misses you.
The two-headed ogre hits you with a +0 giant spiked club!!
* * * LOW HITPOINT WARNING * * *
The two-headed ogre closely misses you.
Kate hits the two-headed ogre with a +0 flail!
The hornet misses you.
Unknown command.
Unknown command.
You feel better. The hornet completely misses you.
Kate hits the two-headed ogre with a +0 flail!
The two-headed ogre closely misses you.
The two-headed ogre hits you with a +0 giant club!!
* * * LOW HITPOINT WARNING * * *
The hornet stings you.
* * * LOW HITPOINT WARNING * * *
You are lethally poisoned!
You feel as though you will be slow longer.
Kate barely misses the two-headed ogre.
The two-headed ogre completely misses you.
The two-headed ogre misses you.
Unknown command.
Unknown command.
Unknown command.
You fade into invisibility!
* * * LOW HITPOINT WARNING * * *
You feel very sick. The hornet misses you. The hornet completely misses you.
Kate hits the two-headed ogre with a +0 flail.
The two-headed ogre hits you with a +0 giant spiked club!
You die...

.....########....... #.._..#
.....................#≈...≈# .
.....................#≈.≈.≈###.
........R............#≈.≈.≈#...
.......y..y..........#≈.≈.≈#...
######..############.≈.≈.≈.≈...
#..############.≈.....≈...
########......RO.......≈.≈.≈.≈...
..............ry@........≈.≈.....
........##########..###.≈...≈.##.
.......>##########..###.≈...≈.##.
.................<...............
..........................≈......
.......................≈≈≈.≈≈≈...
.......................≈≈...≈≈...
.................................
.............................<...


You could see the friendly Kate the knight (corroded), a two-headed ogre (ally
target), a hornet and a river rat.

Vanquished Creatures
  A tengu warrior (D:8)
  A deep elf pyromancer (D:8)
  A cyclops (D:8)
  2 centaur zombies
  A troll (D:9)
  A hornet (D:9)
  2 wyverns
  A vampire mosquito (D:8)
  An acid dragon (D:8)
  A water moccasin (D:8)
  Duvessa (D:7)
  4 orc warriors
  An ice beast (D:4)
  An ogre (D:5)
  A centaur (D:5)
  2 necrophages
  A kobold brigand (D:8)
  A wyvern zombie (D:6)
  2 bullfrogs
  4 scorpions
  Dowan (D:7)
  2 water moccasin skeletons
  A killer bee (D:9)
  5 wights (D:8)
  4 howler monkeys
  A lava snake (D:9)
  3 bullfrog zombies
  A jelly (D:6)
  An orc priest (D:6)
  Crazy Yiuf (D:7)
  A bullfrog skeleton (D:5)
  2 hounds (D:4)
  A centaur skeleton (D:7)
  An iron imp (D:7)
  Jessica (D:3)
  An iguana (D:5)
  3 orc wizards
  A hell rat (D:8)
  2 hound skeletons (D:5)
  A gnoll (D:7)
  A howler monkey zombie (D:8)
  11 adders
  4 dart slugs
  9 orcs
  8 endoplasms
  5 giant cockroaches
  4 goblins
  3 hobgoblins
  8 jackals
  14 kobolds
  4 quokkas
  8 ball pythons
  3 bats
  5 frilled lizards
  4 rats
155 creatures vanquished.

Vanquished Creatures (collateral kills)
  An unseen horror (D:8)
  A steam dragon (D:8)
  2 black bears (D:7)
  A centaur (D:8)
  2 bullfrogs
  A gnoll sergeant (D:7)
  A water moccasin skeleton (D:6)
  5 killer bees (D:9)
  A jelly (D:7)
  2 orc priests
  2 gnolls (D:7)
  3 orcs
22 creatures vanquished.

Vanquished Creatures (others)
  3 knights
  2 plants (D:1)
5 creatures vanquished.

Grand Total: 182 creatures vanquished

Notes
Turn   | Place    | Note
-------+----------+-------------------------------------------
     0 | D:1      | pkoi the Draconian Monk began the quest for the Orb.
     0 | D:1      | Reached XP level 1. HP: 19/19 MP: 1/1
   547 | D:1      | Reached XP level 2. HP: 26/26 MP: 2/2
  1089 | D:1      | Reached skill level 4 in Unarmed Combat
  1359 | D:1      | Reached XP level 3. HP: 31/31 MP: 3/3
  2179 | D:2      | Reached skill level 5 in Unarmed Combat
  2179 | D:2      | Reached XP level 4. HP: 38/38 MP: 4/4
  2948 | D:3      | Noticed Jessica
  3335 | D:3      | Reached XP level 5. HP: 39/45 MP: 3/5
  3577 | D:4      | Noticed an ice beast
  3597 | D:3      | Reached skill level 6 in Unarmed Combat
  3858 | D:4      | Found a blossoming altar of Fedhas.
  3960 | D:4      | Reached XP level 6. HP: 28/51 MP: 3/6
  3978 | D:3      | Killed Jessica
  4284 | D:4      | Gained mutation: You are robust. (+10% HP) [potion of
                  | mutation]
  4614 | D:4      | Reached skill level 7 in Unarmed Combat
  4818 | D:5      | Entered Level 5 of the Dungeon
  5217 | D:4      | Killed an ice beast
  5218 | D:4      | Your scales start taking on a golden yellow colour.
  5218 | D:4      | Reached XP level 7. HP: 44/64 MP: 5/7
  5218 | D:4      | Gained mutation: You are resistant to acid. (rCorr) [Yellow
                  | Draconian growth]
  5337 | D:4      | Reached skill level 8 in Unarmed Combat
  6117 | D:5      | Reached skill level 1 in Evocations
  6128 | D:5      | Reached skill level 9 in Unarmed Combat
  6491 | D:5      | Reached XP level 8. HP: 53/72 MP: 5/8
  7041 | D:6      | Found a staircase to the Ecumenical Temple.
  7053 | Temple   | Entered the Ecumenical Temple
  7194 | Temple   | Became a worshipper of Hepliaklqana the Forgotten
  7194 | Temple   | Reached * piety under Hepliaklqana
  7194 | Temple   | Reached ** piety under Hepliaklqana
  7202 | D:6      | Remembered your ancestor Kate as a knight
  7224 | D:6      | Reached skill level 10 in Unarmed Combat
  7672 | D:6      | Reached skill level 11 in Unarmed Combat
  7727 | D:6      | Reached XP level 9. HP: 71/71 MP: 9/9
  7905 | D:6      | Learned a level 2 spell: Blink
  8147 | D:7      | Found a snail-covered altar of Cheibriados.
  8346 | D:7      | Found a runed translucent door.
  8347 | D:7      | Noticed Crazy Yiuf
  8360 | D:7      | Killed Crazy Yiuf
  8477 | D:7      | Reached skill level 1 in Translocations
  8483 | D:7      | Reached skill level 1 in Spellcasting
  8539 | D:7      | Noticed Dowan
  8539 | D:7      | Noticed Duvessa
  8547 | D:7      | Killed Duvessa
  8555 | D:7      | Killed Dowan
  8694 | D:7      | Found Romirr Nofo's Jewellery Shop.
  8707 | D:7      | Identified the +1 plate armour of Circular Logic {rElec
                  | rCorr Dex+4}
  8897 | D:7      | Reached *** piety under Hepliaklqana
  9210 | D:8      | Reached skill level 12 in Unarmed Combat
  9897 | D:8      | Noticed a deep elf pyromancer
 10143 | D:8      | Identified a scroll of acquirement
 10143 | D:8      | Acquired the ring "Qaocit" {rF+ Int+6}
 10153 | D:8      | Learned a level 5 spell: Manifold Assault
 10184 | D:8      | Noticed a meliai
 10212 | D:8      | Killed an unseen horror
 10213 | D:8      | Reached XP level 10. HP: 36/78 MP: 5/14
 10214 | D:8      | Killed a deep elf pyromancer
 10215 | D:8      | Reached skill level 13 in Unarmed Combat
 10307 | D:8      | Noticed a cyclops
 10473 | D:9      | Found a hide-covered altar of Uskayaw.
 10474 | D:9      | Reached **** piety under Hepliaklqana
 10990 | D:9      | Noticed a death yak
 11406 | D:8      | Killed a cyclops
 11518 | D:8      | Noticed a cyclops
 11525 | D:8      | Got the Collected Works on Shifting Envenoming
 11532 | D:8      | Reached skill level 5 in Translocations
 12083 | D:8      | Identified the +2 scale mail of Gravitas {rF+}
 12083 | D:8      | Noticed a tengu warrior
 12102 | D:8      | Killed a tengu warrior
 12103 | D:8      | Reached skill level 14 in Unarmed Combat
 12397 | D:9      | Noticed a two-headed ogre
 12409 | D:9      | Paralysed by a hornet for 3 turns
 12414 | D:9      | HP: 3/78 [poisoned by a hornet]
 12414 | D:9      | Mangled by a two-headed ogre

Illustrated notes

Levels and vault maps discovered:
D:1:      eino_arrival_water_cross, layout_basic
D:2:      minmay_kobold_bridge, layout_basic, serial_forest,
          infiniplex_forest_end_2, infiniplex_forest_lined_ring,
          infiniplex_forest_clump_long, infiniplex_forest_diagonal,
          infiniplex_forest_clump_tiny, infiniplex_forest_lined_ring,
          minmay_pentomino_r2
D:3:      minmay_wonky_spiral, layout_rooms, uniq_jessica
D:4:      layout_cave_pools, mainiacjoe_overflow_24_doors,
          chequers_serial_rivers_large_b
D:5:      layout_rooms, minmay_misc_feat_chi
D:6:      layout_cave_pods, minmay_temple_entry_hall
D:7:      layout_cave_pods, slow_altar_1, serial_shops, shop,
          uniq_crazy_yiuf_cottage, uniq_duvessa
D:8:      minmay_the_grid_triangle_9x9_recursive_2
          [minmay_the_grid_triangle_9x9_prize_schism,
          minmay_the_grid_triangle_9x9_corruption,
          minmay_the_grid_triangle_9x9_sparse_checkered,
          minmay_the_grid_triangle_9x9_sprig], layout_basic
D:9:      minmay_distorted_concentric_squares, layout_long_grid,
          gammafunk_temple_overflow_forgotten, nicolae_uskayaw_suspiria,
          dpeg_lair_monsters
Temple:   nicolae_temple_x_marks_the_god

Skill      XL: |  1  2  3  4  5  6  7  8  9 10 |
---------------+-------------------------------+-----
Unarmed Combat | 4 5 6 7 9 11 12 14 | 14.0
Dodging        | 3 |  3.0
Fighting       | 4 |  4.0
Evocations     | 2 3 |  3.0
Translocations | 3 5 |  5.6
Spellcasting   | 3 |  3.0
Stealth        | |  1.7

Action                   |  1- 3 |  4- 6 |  7- 9 | 10-12 || total
-------------------------+-------+-------+-------+-------++-------
Melee: Unarmed           |   120 |   196 |   272 |    75 ||   663
       Tailslap          |    12 |    25 |    34 |     4 ||    75
       Punch             |     5 |     5 |    13 |     6 ||    29
Throw: Dart              |       |       |    10 |       ||    10
Invok: Ancestor Life: Kn |       |       |     1 |       ||     1
       Ancestor Identity |       |       |     1 |       ||     1
       Recall Ancestor   |       |       |       |     2 ||     2
 Abil: Breathe Acid      |       |       |     9 |     6 ||    15
Evoke: Wand              |       |     5 |       |       ||     5
  Use: Potion            |       |     9 |       |     2 ||    11
       Scroll            |       |     5 |     2 |     1 ||     8
 Stab: Sleeping          |     4 |     9 |     2 |       ||    15
       Distracted        |       |       |     1 |     1 ||     2
Armor: Skin              |    32 |    54 |   114 |    28 ||   228
Dodge: Dodged            |    63 |   128 |   179 |    63 ||   433
